 Dungeon Crawl Stone Soup version 0.20-a0-210-gd6c29eb (webtiles) character file.

28 deepsabbath the Firebug (level 2, -2/13 HPs)
             Began as a Deep Elf Fire Elementalist on Nov 26, 2016.
             Slain by an adder (3 damage)
             ... on level 3 of the Dungeon.
             The game lasted 00:03:43 (2263 turns).

deepsabbath the Firebug (DEFE)                      Turns: 2263, Time: 00:03:44

Health: -2/13      AC:  8    Str:  1 (3)  XL:     2   Next: 96%
Magic:  8/8        EV: -11   Int: 23 (24) God:
Gold:   42         SH:  0    Dex: 12 (15) Spells: 6/7 levels left

rFire  . . .     SeeInvis .     e - +0 spear
rCold  . . .     Gourm    .     i - +0 chain mail
rNeg   . . .     Faith    .     (no shield)
rPois  .         Spirit   .     (helmet restricted)
rElec  .         Reflect  .     (no cloak)
rCorr  .         Harm     .     (no gloves)
MR     .....                    (no boots)
Stlth  ..........               (no amulet)
                                (no ring)
                                (no ring)

@: brilliant, lethally poisoned (-2 -> -11)
A: horns 1, frail 1, weak 1
a: no special abilities


You were on level 3 of the Dungeon.
You were not hungry.

You visited 1 branch of the dungeon, and saw 3 of its levels.

You collected 42 gold pieces.

Inventory:

Hand Weapons
 e - a +0 spear (weapon)
   (You found it on level 1 of the Dungeon)
 h - a +0 club
   (You took it off a goblin on level 1 of the Dungeon)
Missiles
 j - 3 stones (quivered)
Armour
 a - a +0 robe
 i - a +0 chain mail (worn)
   (You found it on level 1 of the Dungeon)
Scrolls
 g - a scroll of identify {unknown}
 m - a scroll of fog {unknown}
Potions
 n - 2 potions of degeneration {!q}
Books
 b - a book of Flames
Comestibles
 c - a bread ration {@e1}
 f - a beef jerky
 k - a slice of pizza


   Skills:
 + Level 1.9 Polearms
 - Level 2.4 Dodging
 - Level 2.4 Stealth
 - Level 3.0 Spellcasting
 - Level 1.1 Conjurations
 - Level 3.2 Fire Magic


You had 6 spell levels left.
You knew the following spells:

 Your Spells              Type           Power        Failure   Level  Hunger
a - Flame Tongue          Conj/Fire      ####.        100%        1    None


Dungeon Overview and Level Annotations

Branches:
Dungeon (3/15)

Altars:
Sif Muna
The Shining One

Annotations:
D:2 Robin, Sigmund


Innate Abilities, Weirdness & Mutations

You have a pair of small horns on your head.
You are frail. (-10% HP)
You are weak. (Str -2)


Message History

You hit the kobold.
You kill the kobold!
You see here a dagger.
You start resting.
Health restored: 13
j - 3 stones (gained 1)
You open the door. 3 goblins, 3 hobgoblins and Robin come into view.
The hobgoblin shouts!
The goblin shouts! x3
The hobgoblin moves out of view.
The goblin unwields an uncursed club.
The goblin wields a hunting sling.
The goblin shoots a stone.
The stone hits you but does no damage.
Found two altars.
You close the door.
You see here a dagger.
A hobgoblin comes into view.
The hobgoblin shouts!
A bat comes into view.
The bat hits you but does no damage.
Found a leather armour.
Found a stone staircase leading down.
The bat hits you but does no damage. The bat hits you but does no damage. x2
The bat hits you but does no damage.
Sigmund the Dreaded comes into view.
He is wielding a scythe.
Sigmund shouts!
The bat hits you but does no damage. The bat hits you but does no damage.
There is a stone staircase leading down here.
The bat hits you but does no damage.
You climb downwards.
There is a stone staircase leading up here.
An adder comes into view.
The adder hisses angrily.
The adder bites you but does no damage. The adder bites you but does no damage.
You hit the adder. The adder bites you.
You take 3 damage, and have 10/13 hp.
MASSIVE DAMAGE!!
Your chain mail prevents you from hitting the adder.
Your headbutt misses the adder.
The adder bites you but does no damage. x2
Unknown command.
Your chain mail prevents you from hitting the adder.
The adder bites you but does no damage.
You hit the adder. The adder bites you.
You take 1 damage, and have 9/13 hp.
You closely miss the adder. The adder bites you. x2
* * * LOW HITPOINT WARNING * * *
You take 6 damage, and have 3/13 hp.
MASSIVE DAMAGE!!
It was a potion of degeneration.
There was something very wrong with that liquid.
You feel weakened.
You feel dopey.
You feel clumsy. The adder bites you but does no damage.
It was a potion of curing.
You feel better. The adder bites you but does no damage.
You regained 8 hp, and now have 11/13 hp.
You hit the adder but do no damage. The adder bites you but does no damage.
The adder bites you.
You are poisoned.
The adder poisons you!
You take 2 damage, and have 9/13 hp.
It was a potion of brilliance.
You feel clever all of a sudden.
You feel sick. The adder completely misses you.
You take 1 damage, and have 8/13 hp.
Your chain mail prevents you from hitting the adder.
The adder bites you but does no damage.
Your chain mail prevents you from hitting the adder.
You feel sick. The adder bites you but does no damage.
You take 1 damage, and have 7/13 hp.
Your chain mail prevents you from hitting the adder.
The adder bites you but does no damage. x2
Your chain mail prevents you from hitting the adder.
The adder bites you but does no damage.
Your chain mail prevents you from hitting the adder.
You feel sick. The adder bites you but does no damage.
You take 1 damage, and have 6/13 hp.
Your chain mail prevents you from hitting the adder.
The adder bites you but does no damage. x2
Your chain mail prevents you from hitting the adder.
The adder bites you but does no damage.
You hit the adder but do no damage. The adder bites you but does no damage.
You closely miss the adder.
You feel sick. The adder bites you.
* * * LOW HITPOINT WARNING * * *
You are lethally poisoned!
The adder poisons you! The adder bites you but does no damage.
You take 3 damage, and have 3/13 hp.
MASSIVE DAMAGE!!
You hit the adder but do no damage. The adder bites you but does no damage.
Your chain mail prevents you from hitting the adder.
* * * LOW HITPOINT WARNING * * *
You feel sick. The adder bites you but does no damage.
You take 1 damage, and have 2/13 hp.
Your chain mail prevents you from hitting the adder.
Your headbutt misses the adder.
* * * LOW HITPOINT WARNING * * *
You feel sick. The adder bites you.
You die...

## ##.#######
####........#######
...................
.......<...@.....$.
###.....###S####...
#....... ....
...#...###..### ##
##.# #..# #. #..#
#. #..# #. #...


You could see an adder.

Vanquished Creatures
  2 dart slugs
  2 leopard geckos (D:1)
  A giant cockroach (D:2)
  A goblin (D:1)
  4 hobgoblins
  A ball python (D:2)
  4 bats (D:1)
  3 kobolds
  4 rats
22 creatures vanquished.

Notes
Turn   | Place    | Note
-------+----------+-------------------------------------------
     0 | D:1      | deepsabbath the Deep Elf Fire Elementalist began the quest for the Orb.
     0 | D:1      | Reached XP level 1. HP: 10/10 MP: 6/6
   488 | D:1      | HP: 2/10 [hobgoblin/club (5)]
   917 | D:1      | HP: 1/10 [leopard gecko (3)]
   918 | D:1      | Gained mutation: You are frail. (-10% HP) [potion of mutation]
   918 | D:1      | Gained mutation: You have a pair of small horns on your head. [potion of mutation]
   918 | D:1      | Gained mutation: You are weak. (Str -2) [potion of mutation]
   920 | D:1      | Reached skill level 1 in Polearms
  1104 | D:1      | Reached XP level 2. HP: 11/13 MP: 8/8
  2211 | D:2      | Found a deep blue altar of Sif Muna.
  2211 | D:2      | Found a glowing golden altar of the Shining One.
  2211 | D:2      | Noticed Robin
  2235 | D:2      | Noticed Sigmund
  2247 | D:3      | HP: 3/13 [adder (2)]
  2260 | D:3      | HP: 3/13 [adder (2)]
  2263 | D:3      | HP: 1/13 [poisoned by an adder]
  2263 | D:3      | Slain by an adder

Vault maps used:
D:1:      moated_graveyard_arrival, minmay_door_square
D:2:      gammafunk_temple_overflow_claw, tgw_xom, uniq_sigmund, uniq_terence,
          uniq_robin

Skill      XL: |  1 |
---------------+----+-----
Polearms       | 1 |  1.9
Dodging        | |  2.4
Stealth        | |  2.4
Spellcasting   | |  3.0
Conjurations   | |  1.1
Fire Magic     | |  3.2

Action                   || total
-------------------------++-------
Melee: Spear             ||   176
       Headbutt          ||    12
Throw: Stone             ||    30
  Use: Potion            ||     5
 Stab: Sleeping          ||     1
  Eat: Chunk             ||     4
Armor: Chain mail        ||   130
       Robe              ||     7
Dodge: Dodged            ||    20

Vault maps used:
D:1:      moated_graveyard_arrival, minmay_door_square
D:2:      gammafunk_temple_overflow_claw, tgw_xom, uniq_sigmund, uniq_terence,
          uniq_robin

Table legend:
 A = Turns spent in this place as a percentage of turns spent in the entire game.
 B = Non-inter-level travel turns spent in this place as a percentage of non-inter-level travel turns spent in the entire game.
 C = Inter-level travel turns spent in this place as a percentage of turns spent in this place.
 D = Turns resting spent in this place as a percentage of non-inter-level travel turns spent in this place.
 E = Turns spent auto-exploring this place as a percentage of non-inter-level travel turns spent in this place.
 F = Non-inter-level travel turns spent in this place divided by the number of levels of this place that you've seen.
                   A       B       C       D       E      F
               +-------+-------+-------+-------+-------+----------------------
         Total | 100.0 | 100.0 |   0.2 |   3.7 |   6.5 | 199.3
       Dungeon | 100.0 | 100.0 |   0.2 |   3.7 |   6.5 | 199.3
               +-------+-------+-------+-------+-------+----------------------

Table legend:
 A = Kills in this place as a percentage of kills in entire the game.
 B = Kills by you in this place as a percentage of kills by you in the entire game.
 C = Kills by friends in this place as a percentage of kills by friends in the entire game.
 D = Other kills in this place as a percentage of other kills in the entire game.
 E = Experience gained in this place as a percentage of experience gained in the entire game.
 F = Experience gained in this place divided by the number of levels of this place that you have seen.
                   A       B       C       D       E      F
               +-------+-------+-------+-------+-------+----------------------
         Total | 100.0 | 100.0 |  -nan |  -nan | 100.0 |  13.3
       Dungeon | 100.0 | 100.0 |  -nan |  -nan | 100.0 |  13.3
               +-------+-------+-------+-------+-------+----------------------
